 Dungeon Crawl Stone Soup version 0.28-a0-1624-g820543e53a (webtiles) character file.

Game seed: 7784387363925790273

7 HallandMoats the Skirmisher (level 2, 26/26 HPs)
             Began as a Ghoul Fighter on Jan 24, 2022.
             Was a Follower of Trog.
             Safely got out of the dungeon.
             The game lasted 00:00:52 (650 turns).

HallandMoats the Skirmisher (Ghoul Fighter)          Turns: 650, Time: 00:00:53

Health: 26/26      AC:  6    Str: 19    XL:     2   Next: 4%
Magic:  1/1        EV:  9    Int:  3    God:    Trog [*.....]
Gold:   27         SH:  4    Dex:  8    Spells: 1/1 levels left

rFire   . . .      SeeInvis .     - Unarmed
rCold   + . .      Faith    .   b - +0 buckler
rNeg    + + +      Spirit   .   a - +0 scale mail
rPois   ∞          Reflect  .   (no helmet)
rElec   .          Harm     .   (no cloak)
rCorr   .          Rampage  .   (no gloves)
Will    .....                   (no boots)
Stlth   ..........              (no amulet)
HPRegen 0.08/turn               (no ring)
MPRegen 0.07/turn               (no ring)

@: no status effects
A: claws 1, cold resistance 1, negative energy resistance 3, inhibited
regeneration, torment resistance 2
a: Renounce Religion


You escaped.
You worshipped Trog.
Trog was aware of your devotion.
You visited 1 branch of the dungeon, and saw 1 of its levels.

You collected 27 gold pieces.

Inventory:

Armour
 a - a +0 scale mail (worn)
 b - a +0 buckler (worn)
Scrolls
 e - a scroll of identify {unknown}
 f - a scroll of holy word {unknown}
 g - a scroll of fog {unknown}
Potions
 c - 2 potions of might
 d - a potion of heal wounds {unknown}
 h - a potion of curing {unknown}


   Skills:
 * Level 3.4 Fighting
 + Level 2.8 Armour
 + Level 0.1 Dodging
 + Level 2.7 Shields
 * Level 2.4 Unarmed Combat


You had one spell level left.
You didn't know any spells.
Your spell library was empty.

Dungeon Overview and Level Annotations

Branches:
Dungeon (1/15)

Altars:
Trog


Innate Abilities, Weirdness & Mutations

You thrive by killing the living.
You are immune to poison.
You have sharp fingernails.
Your flesh is cold resistant. (rC+)
You are immune to negative energy. (rN+++)
You do not regenerate when monsters are visible.
You are immune to unholy pain and torment.


Message History

No target in view!
No target in view!
No target in view!
You see here a rat corpse.
You see here a +0 hand axe.
Found a faded altar of an unknown god.
You now have 27 gold pieces (gained 9).
There is a stone staircase leading down here.
You see here a +0 club.
You enter the shallow water.
Moving in this stuff is going to be slow.
Key pressed, stopping explore.
You enter the shallow water.
Moving in this stuff is going to be slow.
Partly explored, can't reach some places.
Partly explored, can't reach some places.
Partly explored, can't reach some places.
Search for what [? for help]? altar
There is a faded altar of an unknown god here.
You cannot tell which god this altar belongs to.
Convert to them anyway?
Trog accepts your prayer! Trog welcomes you!
Partly explored, can't reach some places.
Partly explored, can't reach some places.
Partly explored, can't reach some places.
Partly explored, can't reach some places.
Partly explored, can't reach some places.
(D) Dungeon
Where to? (Enter - D:1 @ (x,y), ? - help)
What level of the Dungeon? (default 1, ? - help)
You see here a rat skeleton.
There is a stone staircase leading down here.
You see here a +0 hand axe.
As you open the door, it creaks loudly!
(D) Dungeon
Where to? (Enter - D:1 @ (x,y), ? - help)
There is an open door here.
There is a staircase leading out of the dungeon here.
Are you sure you want to leave the Dungeon?
This will make you lose the game!
You have escaped!

#≈≈######.#.# #.# ####...... #.≈#
≈# #.#.####'#### #..≈≈≈≈≈≈≈
##.##≈###.###PP#.#PP## #.........
≈≈##≈≈##..##P≈≈#.#.PP###.........
#≈.#≈# #.##P≈≈≈#.#PP.P##.........
#≈.≈≈# #.#P≈≈≈≈#.#....P#.........
#.≈≈####.#P≈≈≈≈#.#..PPP#.........
##≈......#######.#######.........
#..####.+..(...@......+.........
#### #########.#######..##....#
#PP...#.#≈≈≈≈P#......#..
#PPP..#.#≈≈≈≈P#.#..###..
##PP.P#.#≈≈≈P###..## ##.
##P.P#.#≈≈P##.#.######.
##PP#.#PP##........##.
####'####.........##.
#.##.##............##


There were no monsters in sight!

Vanquished Creatures
  An endoplasm (D:1)
  A goblin (D:1)
  3 bats (D:1)
  A kobold (D:1)
  3 rats (D:1)
9 creatures vanquished.

Notes
Turn   | Place    | Note
-------+----------+-------------------------------------------
     0 | D:1      | HallandMoats the Ghoul Fighter began the quest for the Orb.
     0 | D:1      | Reached XP level 1. HP: 19/19 MP: 0/0
   304 | D:1      | Reached XP level 2. HP: 26/26 MP: 1/1
   437 | D:1      | Found a faded altar of an unknown god.
   612 | D:1      | Prayed at the altar of an unknown god.
   612 | D:1      | Became a worshipper of Trog the Wrathful
   612 | D:1      | Reached * piety under Trog
   650 | D:$      | Safely got out of the dungeon.

Illustrated notes

Levels and vault maps discovered:
D:1:      psy_arrival_terrarium, layout_rooms, serial_rivers,
          chequers_serial_rivers_small_3, chequers_serial_rivers_micro_e,
          chequers_serial_rivers_small_b, chequers_serial_rivers_micro_d,
          chequers_serial_rivers_small_b, chequers_serial_rivers_micro_b,
          shapermc_ecumenical_altar_totnotflames, minivault_14

Action                   || total
-------------------------++-------
Melee: Unarmed           ||    22
Armor: Scale mail        ||    13
Dodge: Dodged            ||     9
Block: Buckler           ||     2

Table legend: (Time is in decaauts)
 A = Elapsed time spent in this place.
 B = Non-inter-level travel time spent in this place.
 C = Inter-level travel time spent in this place.
 D = Time resting spent in this place.
 E = Time spent auto-exploring this place.
 F = Levels seen in this place.
 G = Mean time per level.
                   A        B        C        D        E       F      G
               +--------+--------+--------+--------+--------+-----+--------+
         Total |    658 |    580 |     78 |      0 |    519 |   1 |  658.0 |
       Dungeon |    658 |    580 |     78 |      0 |    519 |   1 |  658.0 |
               +--------+--------+--------+--------+--------+-----+--------+

Top non-repeatable levels by time:
     D:1: 658 daAuts
